 Dungeon Sprint DCSS version 0.29-a0-819-g94b489e0ae (webtiles) character file.

Game seed: 203323816418478891

22 mhtbhm the Magician (level 2, -5/17 HPs)
             Began as an Octopode Hedge Wizard on July 7, 2022.
             Slain by an ogre
             ... wielding a +0 giant club
              (11 damage)
             ... in the Dungeon (Sprint I: "Red Sonja").
             The game lasted 00:00:49 (127 turns).

mhtbhm the Magician (Octopode Hedge Wizard)          Turns: 127, Time: 00:00:49

Health: -5/17      AC:  1    Str:  9    XL:     2   Next: 91%
Magic:  4/8        EV: 13    Int: 16    God:
Gold:   0          SH:  0    Dex: 11    Spells: 5/11 levels left

rFire   . . .      SeeInvis .   a - +0 dagger
rCold   . . .      Faith    .   (no shield)
rNeg    . . .      Spirit   .   b - +0 hat
rPois   .          Reflect  .   (no amulet)
rElec   .          Harm     .   (no ring)
rCorr   .          Rampage  .   (no ring)
Will    .....      NoTele   +   (no ring)
Stlth   +++.......              (no ring)
HPRegen 0.05/turn               (no ring)
MPRegen 0.11/turn               (no ring)
                                (no ring)
                                (no ring)

@: hasted, very quick
A: almost no armour, amphibious, 8 rings, camouflage 1, gelatinous body 1,
(nimble swimmer 1), tentacles
a: no special abilities


You were in the Dungeon.
You visited 1 branch

Inventory:

Hand Weapons
 a - a +0 dagger (weapon)
Armour
 b - a +0 hat (worn)
Wands
 g - a wand of flame (22)
Potions
 c - 3 potions of magic
 d - a potion of curing
 e - a potion of heal wounds


   Skills:
 + Level 2.9 Dodging
 + Level 3.5 Stealth
 + Level 5.2 Spellcasting
 + Level 1.1 Conjurations
 + Level 1.1 Summonings
 + Level 1.0 Translocations


You had 5 spell levels left.
You knew the following spells:

 Your Spells              Type           Power      Damage    Failure   Level
a - Magic Dart            Conj           32%        1d4       9%          1
b - Call Imp              Summ           7%         N/A       14%         2
c - Slow                  Hex            16%        N/A       16%         1
d - Blink                 Tloc           14%        N/A       16%         2

Your spell library contained the following spells:

 Spells                   Type           Power      Damage    Failure   Level
 Conjure Flame            Conj/Fire      6%         6-21      34%         3
 Mephitic Cloud           Conj/Pois/Air  5%         N/A       36%         3


Dungeon Overview and Level Annotations

Branches:
Dungeon (1/1)

Altars:


Innate Abilities, Weirdness & Mutations

You cannot wear most types of armour.
You are amphibious.
You can wear up to eight rings at the same time.
Your skin changes colour to match your surroundings (Stealth+).
Your rubbery body absorbs attacks. (AC +1, EV +1)
((You are camouflaged when in or above water. (Stealth+)))
You have tentacles for arms and can constrict up to eight enemies at once.


Message History

Confirm with . or Enter, or press ? or * to list all spells.
A beastly little devil appears in a puff of flame.
Your crimson imp blinks!
That's the wrong kind of item! (Use * to select it.) Evoke which item? (* to show all) (? for menu, Esc to quit)
Okay, then.
You feel yourself speed up.
Aiming: Throw Flame
Press: ? - help, Shift-Dir - straight line, f - ogre
Aim: an ogre, wielding a +0 giant club (ally target, 85% to hit)
The puff of flame misses the ogre.
Unknown command.
You feel stable enough to blink again.
Your crimson imp blinks!
The ogre hits you with a +0 giant club!
Aiming: Throw Flame
Press: ? - help, Shift-Dir - straight line, f/p - ogre
Aim: an ogre, wielding a +0 giant club (ally target, 85% to hit)
The puff of flame hits the ogre.
The ogre is lightly wounded.
Your crimson imp hits the ogre.
Unknown command.
Aiming: Throw Flame
Press: ? - help, Shift-Dir - straight line, f/p - ogre
Aim: an ogre, wielding a +0 giant club (lightly wounded, ally target, 85% to hit)
The puff of flame hits the ogre.
The ogre is moderately wounded.
Unknown command.
There is a fountain of clear blue water here.
Aiming: Throw Flame
Press: ? - help, Shift-Dir - straight line, f/p - ogre
Aim: an ogre, wielding a +0 giant club (moderately wounded, ally target, 85% to hit)
The puff of flame hits the ogre.
The ogre is heavily wounded.
Unknown command.
You hit the ogre.
The ogre is severely wounded.
The ogre hits you with a +0 giant club!
Ouch! That really hurt!
You die...

##########
#<.#..'..#
#..)..#..+
#..#####+#
#..# #5.#
#O.# #@⌠#
####


You could see an ogre (ally target) and a friendly crimson imp (summoned).

Vanquished Creatures
  Ijyb (D)
1 creature vanquished.

Notes
Turn   | Place    | Note
-------+----------+-------------------------------------------
     0 | D        | mhtbhm the Octopode Hedge Wizard began the quest for the
                  | Orb.
     0 | D        | Reached XP level 1. HP: 11/11 MP: 4/4
     2 | D        | Noticed Ijyb
     9 | D        | Killed Ijyb
    10 | D        | Reached skill level 5 in Spellcasting
    10 | D        | Reached XP level 2. HP: 17/17 MP: 1/8
   105 | D        | Learned a level 2 spell: Call Imp
   107 | D        | Learned a level 1 spell: Slow
   110 | D        | Learned a level 2 spell: Blink
   111 | D        | Noticed an ogre
   127 | D        | Slain by an ogre

Illustrated notes

Levels and vault maps discovered:
D:        dungeon_sprint_1 [red_sonja_temple_1, red_sonja_temple_small_1]

Skill      XL: |  1 |
---------------+----+-----
Stealth        | 3 |  3.5
Spellcasting   | 5 |  5.2
Dodging        | |  2.9
Conjurations   | |  1.1
Summonings     | |  1.1
Translocations | |  1.0

Action                   || total
-------------------------++-------
Melee: Dagger            ||     4
       Constrict         ||     1
       Tentacles         ||     1
 Cast: Magic Dart        ||     3
       Slow              ||     1
       Blink             ||     1
       Call Imp          ||     1
Evoke: Wand              ||     4
  Use: Potion            ||     2
       Scroll            ||     1
Dodge: Dodged            ||     2

Table legend: (Time is in decaauts)
 A = Elapsed time spent in this place.
 B = Non-inter-level travel time spent in this place.
 C = Inter-level travel time spent in this place.
 D = Time resting spent in this place.
 E = Time spent auto-exploring this place.
 F = Levels seen in this place.
 G = Mean time per level.
                   A        B        C        D        E       F      G
               +--------+--------+--------+--------+--------+-----+--------+
         Total |    132 |    132 |      0 |     96 |      0 |   1 |  132.0 |
       Dungeon |    132 |    132 |      0 |     96 |      0 |   1 |  132.0 |
               +--------+--------+--------+--------+--------+-----+--------+

Top non-repeatable levels by time:
       D: 132 daAuts
